 Dungeon Crawl Stone Soup version bcrawl-1.37.2 (webtiles) character file.

Game seed: 4826399176061041001

10085024 Mehrunes the Slayer (level 21, -28/186 HPs)
             Began as a Formicid Fighter on Nov 18, 2022.
             Was the Champion of Okawaru.
             Killed from afar by Margery (60 damage)
             ... with a bolt of fire
             ... on level 2 of the Vaults.
             The game lasted 01:16:39 (39847 turns).

Mehrunes the Slayer (Formicid Fighter)             Turns: 39847, Time: 01:16:40

Health: -28/186    AC: 39    Str: 28    XL:     21   Next: 76%
Magic:  20/27      EV: 19    Int:  7    God:    Okawaru [******]
Gold:   4657       SH: 34    Dex: 19    Spells: 20/20 levels left

rFire    . . .     GDR:     43% X - +5 executioner's axe of Stained Conscience {chop, rC+ Int+2}
rCold    + . .     SeeInvis +   n - +10 large shield of Ignorance {rN+ Int-4}
rNeg     + . .     Gourm    +   i - +10 plate armour {ponderous}
rPois    .         Faith    .   (helmet unavailable)
rElec    .         Spirit   .   Q - scarf {repulsion}
rCorr    +         Reflect  .   J - +1 pair of gloves {Str+3}
MR       ++...                  g - +2 pair of boots {run}
Stlth    ..........             T - amulet of Leaves {Gourm Dex+4}
HPRegen  0.41/turn              I - +4 ring of protection
MPRegen  0.20/turn              R - ring of resist corrosion

@: heroism, finesse, studying Ice Magic, repel missiles
A: permanent stasis, dig shafts and tunnels, four strong arms, antennae 3
}: 2/15 runes: decaying, serpentine
a: Dig, Shaft Self, Heroism, Finesse, Renounce Religion


You were on level 2 of the Vaults.
You worshipped Okawaru.
Okawaru was exalted by your worship.
You were very full.

You visited 7 branches of the dungeon, and saw 28 of its levels.
You also visited: Trove, Ossuary, Ice Cave and Desolation.

You collected 4957 gold pieces.
You spent 300 gold pieces at shops.

Inventory:

Hand Weapons
 d - a +6 arbalest of velocity
 v - the +8 Wrath of Trog {antimagic, *Rage}
   (Okawaru gifted it to you on level 3 of the Lair of Beasts)

   It reduces the magical energy of the wielder, and disrupts the spells and
   magical abilities of those hit.
   Natural abilities and divine invocations are not affected.
   It may make you go berserk in combat.
 D - a +1 battleaxe of flaming
 X - the +5 executioner's axe of Stained Conscience (weapon) {chop, rC+ Int+2}
   (You found it in a treasure trove)

   It will always inflict at least some extra damage.
   This minimum extra damage increases with your current reserve of magical
   power.
   It affects your intelligence (+2).
   It protects you from cold.
 Y - a +0 great mace
Missiles
 O - 4631 bolts
Armour
 g - a +2 pair of boots of running (worn)
 i - a +10 plate armour of ponderousness (worn)
 n - the +10 large shield of Ignorance (worn) {rN+ Int-4}
   (You found it in a treasure trove)

   It affects your intelligence (-4).
   It protects you from negative energy.
 J - a +1 pair of gloves of strength (worn)
 Q - a scarf of repulsion (worn)
 Z - a +1 pair of boots of flying
Jewellery
 a - a +4 ring of protection
 c - an uncursed amulet of the acrobat
 I - a +4 ring of protection (left hand)
 P - the cursed ring of Imohunae {*Tele rElec}
   (You found it in the Desolation of Salt)

   [ring of teleportation]

   It may teleport you next to monsters.
   It insulates you from electricity.
   It has a curse placed upon it.
 R - a ring of resist corrosion (right hand)
 T - the amulet of Leaves (around neck) {Gourm Dex+4}
   (You found it in the Desolation of Salt)

   [amulet of the gourmand]

   It allows you to eat raw meat even when not hungry.
   It affects your dexterity (+4).
 U - the ring "Wetumuz" {Ice rPois}
   (You found it on level 1 of the Snake Pit)

   [ring of ice]

   It enhances your ice magic.
   It makes you vulnerable to fire.
   It protects you from cold.
   It protects you from poison.
Wands
 k - a wand of charming (8)
 z - a wand of iceblast (62)
 A - a wand of scattershot (5)
 B - a wand of acid (6)
 H - a wand of disintegration (44)
 N - a wand of paralysis (13)
Scrolls
 h - 6 scrolls of amnesia
 o - 9 scrolls of immolation
 p - 7 scrolls of enchant weapon
 q - a scroll of noise
 r - 14 scrolls of remove curse
 C - a scroll of brand weapon
 G - 2 scrolls of magic mapping
 L - 4 scrolls of fog
 S - 5 scrolls of fear
Potions
 b - a potion of agility
 f - 2 potions of invisibility
 j - 9 potions of lignification
 l - 5 potions of flight
 w - a potion of magic
 x - 9 potions of curing
 y - 6 potions of mutation
 E - 6 potions of brilliance
 F - 8 potions of cancellation
Miscellaneous
 K - a phantom mirror
 V - a phial of floods
 W - a lamp of fire
Comestibles
 e - 40 rations {!d}
 m - 9 chunks of flesh


   Skills:
 + Level 21.0(26.0) Fighting
 - Level 15.0(20.0) Axes
 + Level 10.7(15.7) Crossbows
 - Level 14.9(19.9) Armour
 - Level 14.3(19.3) Dodging
 - Level 15.3(20.3) Shields
 - Level 8.0 Invocations


You had 20 spell levels left.
You didn't know any spells.
Your spell library contained the following spells:

 Spells                   Type           Power        Failure   Level  Hunger
 Freeze                   Ice            #.....       100%        1    None
 Infusion                 Chrm           #.......     100%        1    None
 Magic Dart               Conj           #...         100%        1    None
 Summon Small Mammal      Summ           #...         100%        1    None
 Call Imp                 Summ           #.....       100%        2    ####...
 Searing Ray              Conj           #.......     100%        2    ####...
 Song of Slaying          Chrm           #.......     100%        2    ####...
 Swiftness                Chrm/Air       #.......     100%        2    ####...
 Call Canine Familiar     Summ           #.......     100%        3    #####..
 Conjure Flame            Conj/Fire      #.......     100%        3    #####..
 Iskenderun's Mystic Bla  Conj           #.......     100%        3    #####..
 Mephitic Cloud           Conj/Pois/Air  #.......     100%        3    #####..
 Ozocubu's Armour         Chrm/Ice       #.......     100%        3    #####..
 Regeneration             Chrm/Necr      #.........   100%        3    #####..
 Spectral Weapon          Hex/Chrm       #.......     100%        3    #####..
 Spider Form              Tmut/Pois      #..          100%        3    #####..
 Teleport Other           Tloc           #.......     100%        3    #####..
 Fulminant Prism          Conj/Hex       #.........   100%        4    ######.
 Sticky Flame             Conj/Fire      #.......     100%        4    ######.
 Summon Ice Beast         Ice/Summ       #.......     100%        4    ######.
 Bolt of Draining         Conj/Necr      #.........   100%        5    #######
 Bolt of Magma            Conj/Fire/Erth #.........   100%        5    #######
 Fireball                 Conj/Fire      #.........   100%        5    #######
 Freezing Cloud           Ice/Air        #.......     100%        5    #######
 Irradiate                Conj/Tmut      #.........   100%        5    #######
 Lee's Rapid Deconstruct  Erth           #.........   100%        5    #######
 Metabolic Englaciation   Hex/Ice        #.........   100%        5    #######
 Steam Barrier            Chrm/Fire      #.........   100%        5    #######
 Summon Lightning Spire   Summ/Air       #.......     100%        5    #######
 Summon Mana Viper        Hex/Summ       #.......     100%        5    #######
 Bolt of Cold             Conj/Ice       #.........   100%        6    #######
 Bolt of Fire             Conj/Fire      #.........   100%        6    #######
 Conjure Ball Lightning   Conj/Air       #.........   100%        6    #######
 Iron Shot                Conj/Erth      #.........   100%        6    #######
 Ozocubu's Refrigeration  Ice            #.........   100%        6    #######
 Poison Arrow             Conj/Pois      #.........   100%        6    #######
 Simulacrum               Ice/Necr       #.......     100%        6    #######
 Summon Hydra             Summ           #.........   100%        6    #######
 Icicle Burst             Conj/Ice       #.........   100%        7    #######
 Monstrous Menagerie      Summ           #.........   100%        7    #######
 Ignition                 Fire           #.........   100%        8    #######
 Tornado                  Tloc/Air       #.........   100%        8    #######
 Dragon's Call            Summ           #.........   100%        9    #######
 Shatter                  Erth           #.........   100%        9    #######
 Blink                    Tloc           Unusable     N/A         2    N/A

Dungeon Overview and Level Annotations

Branches:
Dungeon (12/12)            Temple (1/1) D:4            Lair (6/6) D:7
  Swamp (3/3) Lair:2        Snake (3/3) Lair:2        Slime (0/5) Lair:5
    Orc (1/1) D:10            Elf (0/3) Orc          Vaults (2/3) D:11
  Crypt (0/2) Vaults:1     Depths (0/5) D:12

Altars:
Ashenzari
Cheibriados
Dithmenos
Elyvilon
Fedhas
Gozag
Hepliaklqana
Kikubaaqudgha
Lugonu
Makhleb
Nemelex Xobeh
Okawaru
Qazlal
Ru
Sif Muna
Trog
Uskayaw
Vehumet
Wu Jian
Xom
Yredelemnul
Zin
The Shining One
Jiyva

Shops:
D:4 ?*((}   D:6 ?   D:7 (   Orc (%!}[   Vaults:1 *

Annotations:
Lair:3 exclusion: 2 oklob plants
Lair:4 1 runed translucent door, Murgh's ghost, journeyman MiBe
Vaults:2 Margery


Innate Abilities, Weirdness & Mutations

You cannot be hasted, slowed, berserked, paralysed or teleported.
You can dig through walls and to a lower floor.
Your four strong arms can wield two-handed weapons with a shield.
You have a pair of large antennae on your head. (SInv)


Message History

The bolt of fire hits the hell knight.
The hell knight completely resists.
The bolt of fire hits you!!
The hell knight casts a spell.
The hell knight goes berserk!
The hell knight's soul is no longer bound. x2
There is an open door here.
The hell knight rages.
You block the hell knight's attack.
The hell knight gestures wildly while chanting.
You block the hell knight's attack.
There is a large open door here.
You gain the combat prowess of a mighty hero.
You block the hell knight's attack.
You can now deal lightning-fast blows.
The hell knight hits you with a +2 halberd!!
* * * LOW HITPOINT WARNING * * *
Margery points at you and mumbles some strange words.
The bolt of fire hits the hell knight.
The hell knight completely resists.
The bolt of fire hits you!!!
You die...

###.###.#........#
#.....#
.##.....'........#
#.....#
.##.###.#........#
#######
.##.#c#.#........#
###.###.#........#
..#.....#........#
..#.###.#........# .
).'.#T#.#........#
##########.
).#.###.#######'@##
#........#. ).#.....#
##..p## #.....p.)'.
..####### ##.....##
#....{..)## ..#
##..###..###)).{....'.
..#
##..##.##..##..{..@..#.
..#
#..##...##2@#.).{{...#
..#
#..#.....'..'.{{.....#
..#
#..##...##..#........#
###
##..##.##..##........#


You could see Margery, a hell beast and a hell knight (berserk).

Vanquished Creatures
  Vashnia (Snake:2)
  Saint Roka (Snake:2)
  Nikola (Swamp:3)
  Frances (Swamp:1)
  A tentacled monstrosity (Swamp:3)
  Kirke (Lair:4)
  4 thorn hunters
  A tengu reaver (Vaults:2)
  Donald (Swamp:1)
  8 nagarajas
  A deep elf sorcerer (Vaults:2)
  A fire giant (Vaults:2)
  A frost giant (Vaults:2)
  A curse skull (Vaults:1)
  5 vault wardens
  6 ironheart preservers (Vaults:2)
  A stone giant (Vaults:2)
  Aizul (Snake:2)
  A very ugly thing (Vaults:2)
  A deep elf annihilator (Vaults:2)
  3 dire elephants (Vaults:2)
  Snorg (D:10)
  An entropy weaver (Vaults:2)
  3 ragged hierophants
  A halazid warlock (Desolation)
  Azrael (Snake:2)
  An ettin (Vaults:2)
  A deep elf death mage (Vaults:1)
  5 crystal guardians (Desolation)
  Urug (D:12)
  3 yaktaur captains
  An ice dragon (Vaults:2)
  6 servants of whispers (Desolation)
  2 vault guards (Vaults:1)
  3 rakshasas
  Erica (Lair:1)
  30 hydras
  3 peacekeepers (Desolation)
  14 naga warriors
  2 ghost crabs (Swamp:1)
  3 catoblepae (Lair:6)
  10 two-headed ogres
  6 shambling mangroves
  2 dancing weapons (D:11)
  7 alligators
  4 anacondas
  3 orc high priests (Orc)
  A vampire mage (Vaults:1)
  11 death yaks
  2 ogre magi
  A spriggan berserker (Swamp:3)
  An ironheart beastmaster (Vaults:2)
  3 shock serpents (Snake:3)
  15 spriggans
  2 deep elf knights (Vaults:2)
  19 naga sharpshooters
  3 skeletal warriors (D:12)
  A salamander mystic (Snake:3)
  An unseen horror (D:12)
  A goliath frog (Swamp:2)
  9 wizards
  9 swamp dragons
  10 centaur warriors
  A death drake (Swamp:3)
  3 deep elf archers (Vaults:2)
  3 spriggan druids
  3 cyclopes
  A flayed ghost (Vaults:1)
  11 ironheart convokers
  4 orc knights (Orc)
  3 naga ritualists
  3 wolf spider zombies
  5 necromancers
  A wolf spider (Lair:6)
  A harpy (shapeshifter) (Vaults:2)
  5 mana vipers
  A frost giant zombie (Vaults:2)
  5 orc sorcerers
  19 ugly things
  4 manticores
  A deep elf mage (Vaults:2)
  2 salamanders
  21 elephants
  9 will-o'-wisps
  8 vault sentinels
  8 naga magi
  26 black mambas
  2 molten gargoyles (Desolation)
  7 guardian serpents
  An ice statue (IceCv)
  A yaktaur zombie (Vaults:2)
  A gargoyle (D:7)
  An efreet (D:11)
  15 cane toads
  A komodo dragon (shapeshifter) (D:12)
  A kobold demonologist (D:9)
  17 yaktaurs
  15 rime drakes
  2 eyes of draining
  16 freezing wraiths
  7 komodo dragons
  4 trolls
  5 polar bears
  9 tyrant leeches
  A wolf spider simulacrum (IceCv)
  30 saltlings
  3 blink frogs (Lair:6)
  7 hippogriffs
  29 hornets
  9 dream sheep
  34 slime creatures
  2 meliai zombies
  9 bog bodies
  3 wraiths
  5 wyverns
  A wyvern (shapeshifter) (Vaults:2)
  A black mamba skeleton (D:10)
  3 fire elementals (Snake:2)
  5 hogs (Lair:4)
  73 yaks
  A hog (shapeshifter) (Vaults:1)
  3 basilisks
  3 hungry ghosts
  10 vampire mosquitoes
  13 steam dragons (Lair:5)
  10 swamp worms
  4 wargs
  57 nagas
  A hell hound (Snake:2)
  2 acid dragons
  10 crocodiles
  7 water moccasins
  12 porcupines
  A floating eye (Lair:5)
  17 orc warriors
  7 ice beasts
  2 phantoms
  2 black bears
  15 swamp drakes
  11 boggarts
  2 hornet zombies
  2 sky beasts
  An ettin simulacrum (Vaults:1)
  15 ogres
  19 wolves
  A necrophage (D:5)
  A tengu (shapeshifter) (Vaults:1)
  8 bullfrogs
  An elf simulacrum (Vaults:2)
  Blork the orc (D:6)
  18 kobold brigands
  A glowing shapeshifter simulacrum (Vaults:2)
  A wyvern zombie (D:9)
  9 centaurs
  A water moccasin zombie (D:5)
  2 scorpions
  An elephant simulacrum (IceCv)
  6 wights
  2 electric eels (Lair:2)
  2 howler monkeys
  15 orc priests
  7 crimson imps
  A bullfrog zombie (D:5)
  6 draconian simulacra (IceCv)
  3 hounds
  2 human simulacra (Vaults:2)
  2 jellies (D:2)
  2 quasits
  2 bullfrog skeletons
  4 iguanas
  5 troll simulacra (IceCv)
  16 orc wizards
  2 polar bear simulacra (IceCv)
  10 worker ants
  2 spriggan simulacra (IceCv)
  4 hound skeletons
  3 mummies (Ossuary)
  A worker ant zombie (D:5)
  4 gnolls (D:3)
  A howler monkey skeleton (D:6)
  5 naga simulacra (IceCv)
  2 ogre simulacra (IceCv)
  14 adders
  6 shadow imps
  12 white imps (IceCv)
  9 oozes (D:2)
  An adder skeleton (D:7)
  4 worms
  3 dart slugs
  5 leopard geckos
  63 orcs
  A ball python (D:1)
  8 bats
  2 giant cockroaches
  6 goblins
  13 hobgoblins
  18 jackals
  9 quokkas
  2 frilled lizards (D:3)
  A gnoll zombie (Ossuary)
  2 goblin zombies (Ossuary)
  4 hobgoblin zombies (Ossuary)
  A jackal skeleton (D:6)
  30 kobolds
  3 kobold zombies (Ossuary)
  An orc zombie (Ossuary)
  5 rats
  2 rat zombies (D:7)
  3 plants
  2 toadstools (Swamp:1)
1325 creatures vanquished.

Vanquished Creatures (others)
  A vault warden (Vaults:2)
  A deep elf death mage (Vaults:2)
  A naga warrior (Snake:3)
  A salamander (Snake:3)
  2 black mambas (Snake:3)
  A slime creature (D:12)
  A boggart (Vaults:1)
  A swamp drake (Swamp:1)
  A bush (Lair:6)
  7 fungi
  6 plants
  15 toadstools
38 creatures vanquished.

Grand Total: 1363 creatures vanquished

Notes
Turn   | Place    | Note
-------+----------+-------------------------------------------
     0 | D:1      | Mehrunes the Formicid Fighter began the quest for the Orb.
     0 | D:1      | Reached XP level 1. HP: 18/18 MP: 1/1
    88 | D:1      | Reached XP level 2. HP: 23/24 MP: 2/2
   338 | D:1      | Reached XP level 3. HP: 26/29 MP: 3/3
  1299 | D:2      | Reached XP level 4. HP: 34/37 MP: 4/4
  1348 | D:2      | Reached skill level 4 in Fighting
  1352 | D:2      | Reached XP level 5. HP: 28/42 MP: 5/5
  2107 | D:3      | Reached XP level 6. HP: 49/49 MP: 6/6
  2162 | D:3      | Reached skill level 5 in Shields
  2781 | D:3      | Reached skill level 5 in Fighting
  2781 | D:3      | Reached XP level 7. HP: 53/56 MP: 7/7
  3025 | D:4      | Noticed a hungry ghost
  3110 | D:4      | Found Hegegein's Antique Weapon Emporium.
  3123 | D:4      | Reached skill level 5 in Armour
  3272 | D:4      | Found Ewauterpha's Gadget Shoppe.
  3417 | D:4      | Found Zucsuott's Magic Scroll Emporium.
  3652 | D:4      | Found Zejios's General Store.
  3713 | D:4      | Found a glowing silver altar of Zin.
  3822 | D:4      | Found a shimmering altar of Xom.
  3917 | D:4      | Found a staircase to the Ecumenical Temple.
  3935 | Temple   | Entered the Ecumenical Temple
  4188 | Temple   | Became a worshipper of Elyvilon the Healer
  4249 | D:4      | Killed a hungry ghost
  4304 | D:4      | Found an iron altar of Okawaru.
  4349 | D:4      | Found Rannufea's Antique Weapon Boutique.
  4393 | D:4      | Fell from the grace of Elyvilon
  4393 | D:4      | Became a worshipper of Warmaster Okawaru
  4539 | D:4      | Found an ancient bone altar of Kikubaaqudgha.
  4539 | D:4      | Found a faded altar of an unknown god.
  4547 | D:4      | Found a stormy altar of Qazlal.
  4566 | D:4      | Found a faded altar of an unknown god.
  4568 | D:4      | Found a radiant altar of Vehumet.
  4683 | D:5      | Entered Level 5 of the Dungeon
  4746 | D:4      | Reached XP level 8. HP: 43/63 MP: 8/8
  4990 | D:5      | Reached * piety under Okawaru
  5138 | D:5      | Reached skill level 6 in Fighting
  5172 | D:5      | Reached skill level 5 in Axes
  5450 | D:5      | Reached ** piety under Okawaru
  5475 | D:5      | Found a corrupted altar of Lugonu.
  5721 | D:5      | Reached XP level 9. HP: 70/71 MP: 9/9
  5791 | D:5      | Got a bloodstained war axe
  5894 | D:5      | Identified the +4 war axe "Kuiruci" {pain, rPois rN+} (You
                  | found it on level 5 of the Dungeon)
  6194 | D:6      | Reached skill level 7 in Fighting
  6326 | D:6      | Noticed a hippogriff
  6332 | D:6      | Killed a hippogriff
  6333 | D:6      | Reached skill level 1 in Invocations
  6398 | D:6      | Noticed a hippogriff
  6404 | D:6      | Killed a hippogriff
  6404 | D:6      | Reached *** piety under Okawaru
  6628 | D:6      | Reached XP level 10. HP: 67/80 MP: 12/12
  6820 | D:6      | Noticed Blork the orc
  6826 | D:6      | Killed Blork the orc
  6854 | D:6      | Found Pag Ahot's Magic Scroll Shop.
  6978 | D:6      | Reached **** piety under Okawaru
  6979 | D:6      | Reached skill level 8 in Fighting
  7254 | D:7      | Found a staircase to the Lair.
  7722 | D:7      | Found Ocyfi's Antique Weapon Shoppe.
  7835 | D:7      | Found a sand-covered staircase.
  7842 | Ossuary  | Entered an ossuary
  8322 | D:7      | Noticed a gargoyle
  8333 | D:7      | Killed a gargoyle
  9174 | D:8      | Reached skill level 5 in Invocations
  9181 | D:8      | Reached ***** piety under Okawaru
  9189 | D:8      | Reached skill level 9 in Fighting
  9189 | D:8      | Reached XP level 11. HP: 35/89 MP: 12/14
  9359 | D:8      | Found a burning altar of Makhleb.
  9770 | D:8      | Found an opulent altar of Gozag.
  9770 | D:8      | Found a hazy altar of Hepliaklqana.
  9771 | D:8      | Found a snail-covered altar of Cheibriados.
  9840 | D:9      | Reached skill level 10 in Shields
 10098 | D:9      | Noticed a two-headed ogre
 10105 | D:9      | Killed a two-headed ogre
 10207 | D:9      | Found a glowing golden altar of the Shining One.
 10382 | D:9      | Reached skill level 10 in Fighting
 10413 | D:9      | Noticed a manticore
 10428 | D:9      | Killed a manticore
 10429 | D:9      | Reached skill level 10 in Armour
 10646 | Lair:1   | Entered Level 1 of the Lair of Beasts
 10734 | Lair:1   | Reached ****** piety under Okawaru
 10823 | Lair:1   | Noticed Erica
 10869 | Lair:1   | Killed Erica
 10870 | Lair:1   | Reached skill level 1 in Dodging
 10932 | Lair:1   | Reached XP level 12. HP: 97/97 MP: 15/15
 11075 | Lair:1   | Identified the Collected Works on Ice
 12103 | Lair:2   | Reached skill level 10 in Axes
 12179 | Lair:2   | Received a gift from Okawaru
 12546 | Lair:2   | Found a staircase to the Swamp.
 12731 | Lair:2   | Found a staircase to the Snake Pit.
 13391 | Lair:3   | Reached skill level 11 in Fighting
 13450 | Lair:3   | Noticed a death yak
 13450 | Lair:3   | Noticed a death yak
 13478 | Lair:3   | Killed a death yak
 13478 | Lair:3   | Received a gift from Okawaru
 13479 | Lair:3   | Found the +8 Wrath of Trog {antimagic, *Rage}
 13595 | Lair:3   | Reached XP level 13. HP: 63/106 MP: 1/16
 13683 | Lair:3   | Received a gift from Okawaru
 13828 | Lair:3   | Reached skill level 5 in Dodging
 14617 | Lair:4   | Noticed a five-headed hydra
 14628 | Lair:4   | Killed a one-headed hydra
 14629 | Lair:4   | Reached skill level 12 in Fighting
 14769 | Lair:4   | Noticed Kirke
 15048 | Lair:4   | Noticed a six-headed hydra
 15055 | Lair:4   | Killed Kirke
 15055 | Lair:4   | Received a gift from Okawaru
 15056 | Lair:4   | Killed a three-headed hydra
 15422 | Lair:4   | Found a runed translucent door.
 15422 | Lair:4   | Found a shimmering altar of Xom.
 15422 | Lair:4   | Noticed Murgh's ghost (journeyman MiBe)
 15422 | Lair:4   | Identified the +9 flail "Ipnaxed" {chaos, MP+9}
 15875 | Lair:5   | Reached XP level 14. HP: 93/116 MP: 1/17
 16688 | Lair:5   | Found a viscous altar of Jiyva.
 16689 | Lair:5   | Found a staircase to the Slime Pits.
 16696 | Lair:5   | Received a gift from Okawaru
 16767 | Lair:5   | Found a viscous altar of Jiyva.
 16870 | Lair:5   | Reached skill level 13 in Fighting
 17322 | Lair:6   | Entered Level 6 of the Lair of Beasts
 17428 | Lair:6   | Found a frozen archway.
 17450 | IceCv    | Entered an ice cave
 17736 | IceCv    | Found an ancient bone altar of Kikubaaqudgha.
 17748 | IceCv    | Received a gift from Okawaru
 17855 | IceCv    | Reached XP level 15. HP: 116/124 MP: 9/18
 18130 | Lair:6   | Reached skill level 15 in Axes
 18157 | Lair:6   | Reached skill level 14 in Fighting
 18297 | Lair:6   | Got a transparent mace
 18303 | Lair:6   | Got a bronze leather armour
 18700 | Lair:6   | Received a gift from Okawaru
 18703 | Lair:6   | Got a faintly humming robe {god gift}
 18965 | Lair:6   | Reached skill level 10 in Dodging
 19717 | D:9      | Found a portal to a secret trove of treasure.
 20062 | D:10     | Entered Level 10 of the Dungeon
 20127 | D:9      | You paid a toll of +4 acid dragon scales to enter a
                  | treasure trove
 20128 | Trove    | Entered a treasure trove
 20134 | Trove    | Found the +10 large shield of Ignorance {rN+ Int-4}
 20147 | Trove    | Got a polished executioner's axe
 20167 | Trove    | Identified the +5 executioner's axe of Stained Conscience
                  | {chop, rC+ Int+2} (You found it in a treasure trove)
 20265 | D:10     | Noticed Snorg
 20267 | D:10     | Found a staircase to the Orcish Mines.
 20272 | D:10     | Killed Snorg
 20288 | D:10     | Reached skill level 15 in Fighting
 21007 | D:10     | Got a bloodstained medium shield
 21019 | D:10     | Identified the +7 medium shield of Honour {Dex+3} (You
                  | found it on level 10 of the Dungeon)
 21319 | D:11     | Found a gate to the Vaults.
 21468 | D:11     | Reached XP level 16. HP: 123/136 MP: 19/19
 21942 | D:12     | Entered Level 12 of the Dungeon
 21942 | D:12     | Noticed Urug
 21958 | D:12     | Killed Urug
 22057 | D:12     | Found a staircase to the Depths.
 22075 | D:12     | Received a gift from Okawaru
 22095 | D:12     | Got a brightly glowing medium shield {god gift}
 22106 | D:12     | Identified the +0 medium shield of the Louse {rElec rCorr
                  | Stlth-} (Okawaru gifted it to you on level 12 of the
                  | Dungeon)
 22609 | D:12     | Found a snail-covered altar of Cheibriados.
 23097 | Orc      | Entered the Orcish Mines
 23131 | Orc      | Found a staircase to the Elven Halls.
 23394 | Orc      | Found Vauniucs's Weapon Shoppe.
 23420 | Orc      | Reached skill level 16 in Fighting
 23676 | Orc      | Found Luti's Food Emporium.
 23676 | Orc      | Found Xeseu's Distillery.
 23846 | Orc      | Found Biolydeu's Gadget Emporium.
 23846 | Orc      | Found Dezein's Armour Shop.
 24119 | Snake:1  | Entered Level 1 of the Snake Pit
 24356 | Snake:1  | Found an ornate altar of the Wu Jian Council.
 24452 | Snake:1  | Noticed a nagaraja
 24459 | Snake:1  | Killed a nagaraja
 24584 | Snake:1  | Noticed a nagaraja
 24594 | Snake:1  | Killed a nagaraja
 24595 | Snake:1  | Reached XP level 17. HP: 145/145 MP: 23/23
 24678 | Snake:1  | Got a glittering bronze ring
 24680 | Snake:1  | Identified the ring "Wetumuz" {Ice rPois} (You found it on
                  | level 1 of the Snake Pit)
 24853 | Snake:1  | Received a gift from Okawaru
 24948 | Snake:1  | Got a translucent broad axe {god gift}
 24949 | Snake:1  | Identified the +9 broad axe of Earthquakes {freeze, rC+ rN+
                  | MR- Dex+5} (Okawaru gifted it to you on level 1 of the
                  | Snake Pit)
 25588 | Snake:2  | Noticed Aizul
 25610 | Snake:2  | Killed Aizul
 25927 | Snake:2  | Noticed Saint Roka
 25951 | Snake:2  | Killed Saint Roka
 26107 | Snake:2  | Noticed Vashnia
 26495 | Snake:2  | Received a gift from Okawaru
 26517 | Snake:2  | Killed Vashnia
 26878 | Snake:2  | Noticed Azrael
 26894 | Snake:2  | Killed Azrael
 27339 | Snake:2  | Identified a +1 pair of boots of running (Okawaru gifted it
                  | to you on level 2 of the Snake Pit)
 27410 | Snake:3  | Entered Level 3 of the Snake Pit
 27582 | Snake:3  | Reached skill level 17 in Fighting
 27822 | Snake:3  | Reached XP level 18. HP: 105/155 MP: 20/24
 27892 | Snake:3  | Got a serpentine rune of Zot
 28113 | Snake:3  | Received a gift from Okawaru
 28141 | Snake:3  | Found a burning altar of Makhleb.
 29571 | Swamp:1  | Entered Level 1 of the Swamp
 29571 | Swamp:1  | Noticed Donald
 29583 | Swamp:1  | Killed Donald
 29712 | Swamp:1  | Received a gift from Okawaru
 30244 | Swamp:1  | Noticed Frances
 30270 | Swamp:1  | Killed Frances
 30271 | Swamp:1  | Reached skill level 18 in Fighting
 30271 | Swamp:1  | Reached XP level 19. HP: 58/163 MP: 19/25
 31468 | Swamp:2  | Found a radiant altar of Vehumet.
 31887 | Swamp:3  | Entered Level 3 of the Swamp
 31899 | Swamp:3  | Received a gift from Okawaru
 32414 | Orc      | Bought a phantom mirror for 300 gold pieces
 32723 | Swamp:3  | Noticed Nikola
 32736 | Swamp:3  | Killed Nikola
 32746 | Swamp:3  | Noticed a tentacled monstrosity
 32753 | Swamp:3  | Killed a tentacled monstrosity
 33315 | Swamp:3  | Reached skill level 15 in Shields
 34240 | Swamp:3  | Received a gift from Okawaru
 34242 | Swamp:3  | Reached XP level 20. HP: 144/172 MP: 26/26
 34262 | Swamp:3  | Got a decaying rune of Zot
 35310 | Vaults:1 | Entered Level 1 of the Vaults
 35335 | Vaults:1 | Reached skill level 1 in Crossbows
 35391 | Vaults:1 | Found a crumbling gateway.
 35397 | Desolati | Entered the Desolation of Salt
 35479 | Desolati | Reached skill level 19 in Fighting
 35493 | Desolati | Identified the cursed ring of Imohunae {*Tele rElec}
 35497 | Desolati | Identified the amulet of Leaves {Gourm Dex+4}
 35763 | Desolati | Identified the +2 medium shield of Lies {*Corrode rPois
                  | Str-4 Dex+9} (You found it in the Desolation of Salt)
 35864 | Desolati | Reached skill level 5 in Crossbows
 35934 | Desolati | Identified the Disquisition on Fiery Creation
 35946 | Desolati | Identified the Grimoire of the Dislocated Rocks
 36532 | Vaults:1 | Found Qinnegom's General Store.
 36544 | Vaults:1 | Received a gift from Okawaru
 36545 | Vaults:1 | Found a staircase to the Crypt.
 37022 | Vaults:1 | Received a gift from Okawaru
 37062 | Vaults:1 | Paralysed by fainting for 7 turns
 37179 | Vaults:1 | Identified the cursed +2 quarterstaff of Gozag's Hatred
                  | {drain, MR+}
 38080 | Vaults:2 | Reached skill level 20 in Fighting
 38224 | Vaults:2 | Reached XP level 21. HP: 183/183 MP: 27/27
 38245 | Vaults:2 | Received a gift from Okawaru
 38463 | Vaults:2 | Identified the +2 ring mail of the Monk {+Fly rF+ rN+
                  | Regen+ Str-3} (Okawaru gifted it to you on level 2 of the
                  | Vaults)
 38463 | Vaults:2 | Received a gift from Okawaru
 39186 | Vaults:2 | Reached skill level 10 in Crossbows
 39442 | Vaults:2 | HP: 4/185 [ironheart beastmaster/+7 whip of flaming (11)]
 39475 | Vaults:2 | Reached skill level 21 in Fighting
 39829 | Vaults:2 | Noticed Margery
 39847 | Vaults:2 | Killed from afar by Margery

Skill      XL: |  1  2  3  4  5  6  7  8  9 10 11 12 13 14 15 16 17 18 19 20 21 |
---------------+----------------------------------------------------------------+-----
Shields        | 4 5 6 7 8 9 10 11 12 14 15 | 15.3
Fighting       | 4 5 6 7 9 10 11 12 13 15 16 17 18 20 21 | 21.0
Armour         | 4 5 6 7 8 10 11 12 13 14 | 14.9
Axes           | 3 4 5 6 7 9 11 13 14 15 | 15.0
Invocations    | 3 5 8 |  8.0
Dodging        | 1 4 6 8 10 11 12 13 14 | 14.3
Crossbows      | 8 10 | 10.7

Action                   |  1- 3 |  4- 6 |  7- 9 | 10-12 | 13-15 | 16-18 | 19-21 || total
-------------------------+-------+-------+-------+-------+-------+-------+-------++-------
Melee: War axe           |   103 |   165 |   339 |   552 |       |       |       ||  1159
       Battleaxe         |       |       |       |    21 |   582 |    35 |   110 ||   748
       Executioner's axe |       |       |       |       |    93 |   825 |   936 ||  1854
 Fire: Arbalest          |       |       |       |       |       |       |    48 ||    48
Invok: Heroism           |       |       |     1 |    13 |    17 |    29 |    29 ||    89
       Finesse           |       |       |       |     2 |     5 |    10 |     8 ||    25
 Abil: Dig               |       |       |       |     4 |     2 |     2 |       ||     8
Evoke: Wand              |       |       |       |     6 |       |       |       ||     6
  Use: Scroll            |       |       |     3 |     8 |     9 |    13 |     4 ||    37
       Potion            |       |       |       |       |     1 |     1 |    11 ||    13
 Stab: Petrified         |       |       |       |       |     2 |       |       ||     2
       Confused          |       |       |       |       |       |       |     4 ||     4
       Distracted        |       |       |       |       |       |       |     1 ||     1
  Eat: Chunk             |     5 |    11 |    16 |    34 |    33 |    21 |    35 ||   155
       Ration            |       |       |     7 |     1 |     2 |     9 |    10 ||    29
Armor: Scale mail        |    59 |    67 |    86 |       |       |       |       ||   212
       Chain mail        |       |       |    71 |   152 |       |       |       ||   223
       Plate armour      |       |       |       |   165 |   326 |   238 |   389 ||  1118
Dodge: Dodged            |    27 |    34 |    92 |   136 |   177 |   173 |   383 ||  1022
       Deflected         |       |       |       |       |     1 |    44 |    21 ||    66
Block: Medium shield     |    40 |    92 |   199 |   348 |   433 |       |       ||  1112
       Large shield      |       |       |       |       |   121 |  1405 |  1696 ||  3222
